 Dungeon Crawl Stone Soup version 0.31-a0-217-g58bb5d79cf (webtiles) character file.

Game seed: 17290158933240106817

53 qw the Shooter (level 3, 0/29 HPs)
             Began as a Minotaur Hexslinger on July 2, 2023.
             Slain by a cerulean imp
             ... wielding a +0 spear
             ... summoned by Natasha
              (4 damage)
             ... on level 2 of the Dungeon.
             The game lasted 00:00:28 (1096 turns).

qw the Shooter (Minotaur Hexslinger)                Turns: 1096, Time: 00:00:28

Health: 0/29       AC:  5    Str: 12    XL:     3   Next: 62%
Magic:  3/3        EV: 11    Int: 10    God:
Gold:   31         SH:  0    Dex: 14    Spells: 3/4 levels left

rFire   . . .        Y - +1 sling
rCold   . . .        (no shield)
rNeg    . . .        j - +0 ring mail
rPois   .            (helmet restricted)
rElec   .            (no cloak)
rCorr   .            (no gloves)
SInv    .            (no boots)
Will    .....        (no amulet)
Stlth   +            (no ring)
HPRegen 0.24/turn    (no ring)
MPRegen 0.08/turn

%: no passive effects
@: no status effects
A: horns 2, retaliatory headbutt
a: no special abilities


You were on level 2 of the Dungeon.
You visited 1 branch of the dungeon, and saw 2 of its levels.

You collected 72 gold pieces.
You spent 41 gold pieces at shops.


Innate Abilities, Weirdness & Mutations

You have a pair of horns on your head.
You reflexively headbutt those who attack you in melee.


   Skills:
 - Level 2.0 Fighting
 + Level 4.0 Ranged Weapons
 - Level 1.0 Armour
 - Level 2.1 Dodging
 - Level 1.0 Spellcasting
 - Level 2.0 Hexes


You had 3 spell levels left.
You knew the following spells:

 Your Spells              Type           Power      Damage    Failure   Level
a - Slow                  Hex            16%        N/A       34%         1

Your spell library contained the following spells:

 Spells                   Type           Power      Damage    Failure   Level
 Inner Flame              Hex/Fire       2%         N/A       83%         3
 Portal Projectile        Hex/Tloc       4%         N/A       83%         3
 Cause Fear               Hex            2%         N/A       98%         4

Inventory:

Hand Weapons
 Y - a +1 sling (weapon)
Armour
 j - a +0 ring mail (worn)
Jewellery
 b - a ring of protection from fire
Scrolls
 a - a scroll of teleportation {unknown}
 c - a scroll of blinking {unknown}
 e - 2 scrolls of identify
Potions
 h - a potion of enlightenment
 k - a potion of degeneration {unknown}
 l - 3 potions of curing {unknown}

Dungeon Overview and Level Annotations

Branches:
Dungeon (2/15)

Altars:

Shops:
D:1 ?*=(

Annotations:
D:2 Natasha


Message History

You shoot a sling bullet.
The sling bullet hits the cerulean imp but does no damage.
The cerulean imp hits you from afar with a +0 spear.
You shoot a sling bullet.
The sling bullet closely misses Natasha.
The cerulean imp hits you but does no damage.
Natasha casts a spell.
You shoot a sling bullet.
The sling bullet closely misses Natasha.
The cerulean imp misses you. Natasha closely misses you.
The cerulean imp hits you with a +0 spear.
The cerulean imp closely misses you.
You shoot a sling bullet.
The sling bullet hits Natasha but does no damage.
Natasha is moderately wounded.
Natasha claws you! The cerulean imp barely misses you.
The cerulean imp hits you from afar with a +0 spear.
You shoot a sling bullet.
The sling bullet closely misses Natasha.
Natasha closely misses you.
The cerulean imp hits you with a +0 spear.
The cerulean imp barely misses you. Natasha barely misses you.
You shoot a sling bullet. The sling bullet misses Natasha.
The cerulean imp hits you with a +0 spear.
The cerulean imp barely misses you.
Natasha mumbles some strange words.
You feel disoriented.
Natasha stares at you and mumbles some strange words.
The magic dart hits you. The cerulean imp barely misses you.
The cerulean imp hits you from afar with a +0 spear.
You shoot a sling bullet. The sling bullet hits Natasha!
Natasha is severely wounded.
Natasha casts a spell at you. You resist with significant effort.
The cerulean imp hits you but does no damage. x2
You shoot a sling bullet.
The sling bullet closely misses Natasha.
Natasha barely misses you. The cerulean imp closely misses you.
The cerulean imp hits you from afar with a +0 spear.
You die...

# #########
#.......###77
#.......#...
##..........
...........
##........
......5.5#
#.....h@#
..##...##
#.###.### #####
#### ..
##%.####...####.##
#
##...............
#.###...........
##.# #...########
##.## #...#
#.###..####...#


You could see Natasha and 2 cerulean imps.

Vanquished Creatures
  2 worms (D:2)
  3 ball pythons (D:1)
  4 endoplasms
  2 giant cockroaches (D:1)
  4 goblins
  5 hobgoblins
  4 jackals (D:2)
  5 kobolds (D:1)
  A quokka (D:1)
  5 bats
  2 frilled lizards (D:2)
  2 rats
39 creatures vanquished.

Notes
Turn   | Place    | Note
-------+----------+-------------------------------------------
     0 | D:1      | qw the Minotaur Hexslinger began the quest for the Orb.
     0 | D:1      | Reached XP level 1. HP: 16/16 MP: 1/1
     0 | D:1      | 0 ||| qw: Version: 0.3-a-40-ge99b1a8
     0 | D:1      | 0 ||| qw: Game counter: 212
     0 | D:1      | 0 ||| qw: Melee chars always use a shield: true
     0 | D:1      | 0 ||| qw: God list: Okawaru
     0 | D:1      | 0 ||| qw: Allow faded altars: false
     0 | D:1      | 0 ||| qw: Do Orc after clearing Dungeon:15 true
     0 | D:1      | 0 ||| qw: Do second Lair branch before Depths: true
     0 | D:1      | 0 ||| qw: Lair rune preference: random
     0 | D:1      | 0 ||| qw: Goals: Normal
     0 | D:1      | 0 ||| PLANNING D:1-11
   115 | D:1      | Found Juwun's Assorted Antiques.
   123 | D:1      | 123 ||| BUYING emerald potion (21 gold).
   123 | D:1      | Bought an emerald potion for 21 gold pieces
   123 | D:1      | 123 ||| SHOPLISTING emerald potion (21 gold, have 1).
   123 | D:1      | 123 ||| SHOPLISTING murky green potion (21 gold, have 1).
   123 | D:1      | 123 ||| SHOPLISTING ring mail (96 gold, have 1).
   123 | D:1      | 123 ||| SHOPLISTING scroll labelled VURRON KISIAPT (24
                  | gold, have 1).
   123 | D:1      | 123 ||| SHOPLISTING thick pearl amulet (120 gold, have 1).
   222 | D:1      | Found Tycadiaq's Weapon Shop.
   250 | D:1      | Reached skill level 3 in Ranged Weapons
   260 | D:1      | Reached XP level 2. HP: 23/23 MP: 2/2
   410 | D:1      | Found Uthrak's Jewellery Emporium.
   423 | D:1      | 423 ||| SHOPLISTING +6 ring of strength (468 gold, have
                  | 25).
   423 | D:1      | 423 ||| SHOPLISTING amulet of reflection (390 gold, have
                  | 25).
   423 | D:1      | 423 ||| SHOPLISTING ring of fire (325 gold, have 25).
   423 | D:1      | 423 ||| SHOPLISTING ring of poison resistance (260 gold,
                  | have 25).
   423 | D:1      | 423 ||| SHOPLISTING ring of positive energy (260 gold, have
                  | 25).
   423 | D:1      | 423 ||| SHOPLISTING ring of protection from cold (325 gold,
                  | have 25).
   423 | D:1      | 423 ||| SHOPLISTING ring of protection from fire (325 gold,
                  | have 25).
   456 | D:1      | Found Hantus's Magic Scroll Shoppe.
   468 | D:1      | 468 ||| SHOPLISTING 3 scrolls of enchant armour (225 gold,
                  | have 25).
   468 | D:1      | 468 ||| BUYING scroll of identify (20 gold).
   468 | D:1      | Bought a scroll of identify for 20 gold pieces
   468 | D:1      | 468 ||| SHOPLISTING scroll of identify (20 gold, have 5).
   704 | D:1      | 704 ||| UPGRADING to +0 ring mail.
   714 | D:1      | 714 ||| DROPPING +0 robe.
   715 | D:1      | 715 ||| DROPPING ring of flight.
   716 | D:1      | 716 ||| READING scroll labelled UKHUSHO GAARE.
   817 | D:1      | 817 ||| DRINKING 2 emerald potions.
   818 | D:1      | 818 ||| DRINKING 2 white potions.
   819 | D:1      | 819 ||| READING 2 scrolls of identify.
   819 | D:1      | 819 ||| IDENTIFYING lumpy puce potion
   820 | D:1      | 820 ||| DROPPING scroll of poison.
   821 | D:1      | 821 ||| DROPPING potion of brilliance.
   822 | D:1      | 822 ||| DROPPING potion of invisibility.
   837 | D:2      | Reached XP level 3. HP: 29/29 MP: 3/3
   989 | D:2      | Reached skill level 4 in Ranged Weapons
  1079 | D:2      | Reached skill level 1 in Armour
  1084 | D:2      | Noticed Natasha
  1094 | D:2      | HP: 4/29 [Natasha/magic dart (4)]
  1096 | D:2      | Slain by a cerulean imp

Levels and vault maps discovered:
D:1:      sevenhm_arrival_forest_fort_small_5, layout_loops_ring, serial_shops,
          shop, shop, shop, nicolae_shop_tiny_glass
D:2:      layout_loops_ring, shapermc_ecumenical_altar_pompeii,
          uniq_crazy_yiuf_cottage, uniq_natasha

Skill      XL: |  1  2  3 |
---------------+----------+-----
Ranged Weapons | 3 4 |  4.0
Fighting       | 2 |  2.0
Armour         | 1 |  1.0
Dodging        | |  2.1
Spellcasting   | |  1.0
Hexes          | |  2.0

Action                     || total
---------------------------++-------
   Fire: Sling             ||    99
    Use: Scroll            ||     2
         Potion            ||     2
 Armour: Robe              ||     4
         Ring mail         ||     5
  Dodge: Dodged            ||    32

Table legend:
 A = Non-vault XP
 B = Vault XP
 C = Vault XP percentage of total XP
 D = Non-vault monster count
 E = Vault monster count
 F = Vault count percentage of total count
                 A         B        C        D         E       F
            +---------+---------+-------+---------+---------+-------
      Total |      76 |       0 |   0.0 |      39 |       0 |   0.0
            +---------+---------+-------+---------+---------+-------
        D:1 |      38 |       0 |   0.0 |      21 |       0 |   0.0
        D:2 |      38 |       0 |   0.0 |      18 |       0 |   0.0
            +---------+---------+-------+---------+---------+-------
